 Dungeon Crawl Stone Soup version 0.32-a0-872-g59262bdc9b (webtiles) character file.

Game seed: 13537463525463237904

1309 jasper the Cleaver (level 8, -10/94 HPs)
             Began as a Mountain Dwarf Brigand on Mar 30, 2024.
             Was a Believer of Okawaru.
             Mangled by a troll (11 damage)
             ... on level 7 of the Dungeon.
             The game lasted 00:09:51 (5704 turns).

jasper the Cleaver (Mountain Dwarf Brigand)         Turns: 5704, Time: 00:09:52

Health: -10/94     AC: 24    Str: 16    XL:     8   Next: 32%
Magic:  0/8        EV:  2    Int: 12    God:    Okawaru [**....]
Gold:   271        SH:  0    Dex: 11    Spells: 7/7 levels left

rFire   . .          .
                       - Unarmed
rCold   . . .        (no shield)
rNeg    . . .        m - melded +0 scale mail
rPois   +            d - melded +0 helmet
rElec   .            c - melded +1 cloak
rCorr   .            v - melded +0 pair of gloves
SInv    .            (boots currently unavailable)
Will    .....        q - amulet of guardian spirit
Stlth   ++++         (no ring)
HPRegen 0.35/turn    (no ring)
MPRegen 0.11/turn

%: guardian spirit
@: tree-form, heroic
A: stationary, stasis, torment immunity, boosted hp, runic magic, artefact
enchanting
a: Renounce Religion, Heroism


You were on level 7 of the Dungeon.
You worshipped Okawaru.
Okawaru was pleased with you.
You were a tree.
You visited 1 branch of the dungeon, and saw 7 of its levels.

You collected 297 gold pieces.
You spent 26 gold pieces at shops.

Inventory:

Hand Weapons
 a - a +2 dagger
 i - a +0 hand axe
 o - a +0 flail
Missiles
 h - 13 boomerangs
 p - 2 silver javelins
 u - 3 stones (quivered)
 w - 4 datura-tipped darts
 y - 4 poisoned darts
Armour
 b - a +0 robe
 c - a +1 cloak (melded)
 d - a +0 helmet (melded)
 m - a +0 scale mail (melded)
 v - a +0 pair of gloves (melded)
Jewellery
 q - an amulet of guardian spirit (around neck)
Wands
 k - a wand of digging (2)
Scrolls
 e - a scroll of vulnerability
 g - 6 scrolls of teleportation
 j - a scroll of noise
 r - 2 scrolls of fog
Potions
 f - 2 potions of magic
 s - 2 potions of degeneration
 z - 2 potions of resistance


   Skills:
 - Level 3.0(8.0) Fighting
 - Level 1.5(6.5) Short Blades
 - Level 9.4(15.3) Axes
 + Level 5.4(12.5) Polearms
 - Level 1.5(6.5) Throwing
 - Level 1.7(6.7) Armour
 - Level 0.6(5.6) Dodging
 - Level 2.9(7.9) Stealth


You had 7 spell levels left.
You didn't know any spells.
Your spell library contained the following spells:

 Spells                   Type           Power      Damage    Failure   Level
 Necrotise                Necr           0%         1d4       32%         1
 Sting                    Conj/Alch      0%         1d3       32%         1
 Blink                    Tloc           0%         N/A       45%         2
 Lesser Beckoning         Tloc           0%         N/A       45%         2
 Mercury Vapours          Alch/Air       0%         N/A       45%         2
 Momentum Strike          Conj/Tloc      0%         3d8       45%         2
 Vampiric Draining        Necr           0%         2d6       69%         3
 Curse of Agony           Necr           0%         N/A       100%        5
 Yara's Violent Unravell  Hex/Alch       0%         3d3       100%        5
 Martyr's Knell           Necr/Summ      Unusable   N/A       N/A         4

Dungeon Overview and Level Annotations

Branches:
Dungeon (7/15)             Temple (0/1) D:7

Altars:
Cheibriados
Hepliaklqana
Okawaru
Vehumet
Wu Jian

Shops:
D:1 ?   D:6 (

Annotations:
D:3 1 runed translucent door, Crazy Yiuf
D:6 Jeremiah


Innate Abilities, Weirdness & Mutations

You are a tree.
Your roots penetrate the ground, keeping you stationary.
You cannot be teleported.
You are immune to unholy pain and torment.
Your maximum health is greatly increased.
Your equipment is partially melded.
Your spellcasting is much less encumbered by armour.
You can use scrolls of enchantment on lesser artefacts.


Message History

You kill the orc!
Okawaru accepts your kill.
The iguana escapes!
Okay, then.
Unknown command.
A shadow comes into view.
The shadow slips into darkness.
The shadow flickers and vanishes!
Deactivating autopickup; reactivate with Ctrl-A.
You hit the troll.
The troll is lightly wounded.
You flicker back into view.
The iguana hisses angrily.
The troll bites you!
* * * LOW HITPOINT WARNING * * *
The troll claws you but does no damage. The troll claws you.
* * * LOW HITPOINT WARNING * * *
You take 14 damage, and have 12/94 hp.
You now have 2/8 mp.
Okay, then.
Okay, then.
Unknown command.
Okay, then.
Unknown command.
Okay, then.
Unknown command.
You gain the combat prowess of a mighty hero.
The troll completely misses you. The troll claws you but does no damage.
The troll claws you!
* * * LOW HITPOINT WARNING * * *
You take 7 damage, and have 5/94 hp.
You now have 0/8 mp.
You closely miss the troll.
The troll is lightly wounded.
The troll bites you.
* * * LOW HITPOINT WARNING * * *
The troll claws you but does no damage. x2
You take 4 damage, and have 1/94 hp.
You smack the troll!
The troll is heavily wounded.
The troll bites you!
You die...

#...)##.# .#...###... .@#
#...###.####....... .ß. ...
##..###..........# ... ....
#..............# #.#
#.......#...#.## #.#
###.##......#...# ##.##
....####..#...#.# ##...##
.....###..##...)####l).).####.#
##........##....♣T{Yo..(......#
#.....##.......######..##.##.#
##....######>..## ##.# .#
.....### #...# #.# . .#.....#
#...###### #.# #
.#...#.#####........###.#
.#..............###...#.#
................# #.....##
................###......#


You could see a troll, an orc warrior, an ice beast and an iguana.

Vanquished Creatures
  Maggie (D:7)
  2 ice beasts
  A sky beast (D:7)
  2 centaurs (D:7)
  A scorpion (D:5)
  A hound (D:7)
  2 jellies
  2 bombardier beetles
  A sleepcap (D:6)
  Jessica (D:2)
  2 iguanas (D:6)
  3 orc wizards
  Natasha (thrice) (D:3)
  6 adders
  A white imp (D:7)
  3 ufetubi
  A dart slug (D:1)
  A ribbon worm (D:2)
  10 orcs
  3 ball pythons (D:1)
  2 endoplasms
  A giant cockroach (D:2)
  11 goblins
  3 jackals (D:1)
  5 quokkas
  8 bats
  3 frilled lizards
  6 kobolds
  2 rats (D:2)
88 creatures vanquished.

Notes
Turn   | Place    | Note
-------+----------+-------------------------------------------
     0 | D:1      | jasper the Mountain Dwarf Brigand began the quest for the
                  | Orb.
     0 | D:1      | Reached XP level 1. HP: 17/17 MP: 1/1
   108 | D:1      | Reached skill level 1 in Armour
   136 | D:1      | Reached XP level 2. HP: 25/25 MP: 2/2
   350 | D:1      | Found Faurum's Magic Scroll Shoppe.
   367 | D:1      | Bought a scroll of identify for 26 gold pieces
  1113 | D:2      | Reached skill level 1 in Axes
  1130 | D:2      | Reached XP level 3. HP: 14/31 MP: 3/3
  1355 | D:2      | Reached skill level 2 in Axes
  1402 | D:2      | Noticed Jessica
  1426 | D:2      | Killed Jessica
  1427 | D:2      | Reached skill level 3 in Axes
  1427 | D:2      | Reached XP level 4. HP: 24/38 MP: 4/4
  1924 | D:3      | Found an ornate altar of the Wu Jian Council.
  1940 | D:3      | Noticed Natasha
  1945 | D:3      | Killed Natasha
  1946 | D:3      | Reached skill level 4 in Axes
  2000 | D:3      | Noticed Natasha
  2004 | D:3      | Killed Natasha
  2025 | D:3      | Found a radiant altar of Vehumet.
  2057 | D:3      | Reached XP level 5. HP: 45/45 MP: 5/5
  2179 | D:3      | Found a faded altar of an unknown god.
  2195 | D:3      | Reached skill level 5 in Axes
  2403 | D:3      | Found a runed translucent door.
  2404 | D:3      | Noticed Crazy Yiuf
  2448 | D:3      | Found an iron altar of Okawaru.
  2454 | D:3      | Got the Quarto of the Vivid Beaker
  2456 | D:3      | Noticed Natasha
  2465 | D:3      | Became a worshipper of Warmaster Okawaru
  2479 | D:3      | Killed Natasha
  3172 | D:4      | Noticed an ogre
  3183 | D:5      | Entered Level 5 of the Dungeon
  3203 | D:5      | Reached skill level 6 in Axes
  3318 | D:5      | Reached XP level 6. HP: 50/51 MP: 6/6
  3590 | D:5      | Reached skill level 7 in Axes
  4283 | D:6      | Noticed a steam dragon
  4532 | D:6      | Noticed an ice beast
  4547 | D:6      | Killed an ice beast
  4547 | D:6      | Reached * piety under Okawaru
  4548 | D:6      | Reached skill level 8 in Axes
  4548 | D:6      | Reached XP level 7. HP: 46/57 MP: 5/7
  4607 | D:6      | Found a snail-covered altar of Cheibriados.
  4610 | D:6      | Noticed Jeremiah
  4745 | D:7      | Reached skill level 9 in Axes
  4866 | D:7      | Found a staircase to the Ecumenical Temple.
  5045 | D:7      | Noticed Maggie
  5066 | D:6      | Reached skill level 1 in Polearms
  5217 | D:6      | Found a hazy altar of Hepliaklqana.
  5347 | D:6      | Found Yhyneasu's Weapon Shoppe.
  5670 | D:7      | Reached ** piety under Okawaru
  5686 | D:7      | Killed Maggie
  5687 | D:7      | Reached skill level 5 in Polearms
  5687 | D:7      | Reached XP level 8. HP: 32/63 MP: 3/8
  5695 | D:7      | Noticed a troll
  5703 | D:7      | HP: 1/94 [troll (5)]
  5704 | D:7      | Mangled by a troll

Illustrated notes

Levels and vault maps discovered:
D:1:      elethiomel_arrival_quiet, layout_basic, serial_shops,
          nicolae_shop_competitors_out_of_business, roderic_lattice_a,
          dk_noncrumbling_2, st_stairs_12, hangedman_abyss_or_decor_lesser_grid
D:2:      layout_basic, patterned_corridor, uniq_jessica
D:3:      layout_basic, mainiacjoe_overflow_cross_hatched,
          kennysheep_okawaru_gauntlet, overflow_temple_1_default,
          basic_ecumenical_altar, uniq_natasha, uniq_crazy_yiuf_cottage
D:4:      layout_rooms
D:5:      layout_basic
D:6:      layout_basic, old_standard_altar, general_overflow_altar,
          lemuel_coloured_pillars_altar, serial_shops,
          nicolae_shop_behind_doors, kennysheep_little_box,
          nicolae_shop_behind_doors, hangedman_decor_lopped,
          kennysheep_generic_room_15, uniq_jeremiah
D:7:      cheibrodos_barr_body, layout_loops_cross,
          mainiacjoe_overflow_alcove_3, minmay_temple_entry_offerings,
          minmay_misc_feat_room, uniq_maggie

Skill      XL: |  1  2  3  4  5  6  7 |
---------------+----------------------+-----
Armour         | 1 |  1.7
Fighting       | 3 |  3.0
Axes           | 1 3 4 6 8 9 |  9.4
Polearms       | 5 |  5.4
Short Blades   | |  1.5
Throwing       | |  1.5
Dodging        | |  0.6
Stealth        | |  2.9

Action                     |  1- 3 |  4- 6 |  7- 9 || total
---------------------------+-------+-------+-------++-------
  Melee: Dagger            |    97 |    36 |       ||   133
         Hand axe          |       |   142 |   114 ||   256
         Unarmed           |       |       |    14 ||    14
  Throw: Dart              |     9 |    64 |     8 ||    81
         Javelin           |       |       |     2 ||     2
         Stone             |       |       |     5 ||     5
 Invoke: Heroism           |       |       |     2 ||     2
  Evoke: Wand              |       |       |     7 ||     7
    Use: Scroll            |     1 |     9 |     3 ||    13
         Potion            |       |     2 |     5 ||     7
   Stab: Sleeping          |     3 |       |       ||     3
         Invisible         |       |     2 |     4 ||     6
 Armour: Robe              |    53 |       |       ||    53
         Scale mail        |    12 |   178 |   103 ||   293
         Skin              |       |       |    26 ||    26
  Dodge: Dodged            |    58 |   111 |    49 ||   218

Table legend: (Time is in decaauts)
 A = Elapsed time spent in this place.
 B = Non-inter-level travel time spent in this place.
 C = Inter-level travel time spent in this place.
 D = Time resting spent in this place.
 E = Time spent auto-exploring this place.
 F = Levels seen in this place.
 G = Mean time per level.
                   A        B        C        D        E       F      G
               +--------+--------+--------+--------+--------+-----+--------+
         Total |   5679 |   5339 |    340 |    407 |   3823 |   7 |  811.3 |
       Dungeon |   5679 |   5339 |    340 |    407 |   3823 |   7 |  811.3 |
               +--------+--------+--------+--------+--------+-----+--------+

Top non-repeatable levels by time:
     D:5: 1264 daAuts
     D:3: 1149 daAuts
     D:2: 1031 daAuts
     D:1: 859 daAuts
     D:7: 628 daAuts
     D:6: 604 daAuts
     D:4: 142 daAuts
